 Dungeon Crawl Stone Soup version 0.29-a0-23-ga79f92ac9c (webtiles) character file.

Game seed: 1764314271773035647

322 frimble the Chiller (level 6, 0/41 HPs)
             Began as a Demonspawn Ice Elementalist on Jan 30, 2022.
             Slain by a wyvern skeleton (8 damage)
             ... on level 4 of the Dungeon.
             The game lasted 00:07:13 (4102 turns).

frimble the Chiller (Demonspawn Ice Elementalist)   Turns: 4102, Time: 00:07:14

Health: 0/41       AC: 14    Str:  8    XL:     6   Next: 22%
Magic:  4/10       EV: 12    Int: 18    God:
Gold:   32         SH:  0    Dex: 14    Spells: 4/11 levels left

rFire   + . .      SeeInvis .   f - +0 dagger
rCold   . . .      Faith    .   (no shield)
rNeg    . . .      Spirit   .   a - +0 robe
rPois   .          Reflect  .   (helmet restricted)
rElec   .          Harm     .   (no cloak)
rCorr   .          Rampage  .   i - +1 pair of gloves
Will    .....                   h - +1 pair of boots
Stlth   ++........              (no amulet)
HPRegen 0.13/turn               s - ring of wizardry
MPRegen 0.24/turn               t - ring of protection from fire

@: ice-armoured, freezing walls
A: antennae 1, magic regeneration, sharp scales 2
a: no special abilities


You were on level 4 of the Dungeon.
You visited 1 branch of the dungeon, and saw 4 of its levels.

You collected 116 gold pieces.
You spent 84 gold pieces at shops.

Inventory:

Hand Weapons
 f - a +0 dagger (weapon)
 n - a +0 short sword
Armour
 a - a +0 robe (worn)
 h - a +1 pair of boots (worn)
 i - a +1 pair of gloves (worn)
Jewellery
 s - a ring of wizardry (left hand)
 t - a ring of protection from fire (right hand)
Scrolls
 c - a scroll of teleportation
 d - 2 scrolls of amnesia
 j - 2 scrolls of blinking
 p - a scroll of silence {unknown}
 q - a scroll of magic mapping
 r - 3 scrolls of identify {unknown}
Potions
 b - 3 potions of lignification {unknown}
 e - a potion of magic {unknown}
 g - 2 potions of flight {unknown}
 k - 2 potions of degeneration {unknown}
 l - a potion of might {unknown}
 m - a potion of heal wounds {unknown}
 o - a potion of curing {unknown}


   Skills:
 + Level 2.9 Short Blades
 - Level 1.8 Dodging
 - Level 1.9 Stealth
 - Level 3.2 Spellcasting
 + Level 5.3 Ice Magic


You had 4 spell levels left.
You knew the following spells:

 Your Spells              Type           Power      Damage    Failure   Level
a - Freeze                Ice            88%        1d10      1%          1
b - Frozen Ramparts       Ice            44%        1d6       2%          3
c - Ozocubu's Armour      Ice            22%        N/A       2%          3

Your spell library contained the following spells:

 Spells                   Type           Power      Damage    Failure   Level
 Static Discharge         Conj/Air       2%         N/A       10%         2
 Hailstorm                Conj/Ice       12%        3d5       21%         4
 Dispel Undead            Necr           2%         3d7       52%         4
 Sticky Flame             Conj/Fire      2%         2d3       52%         4


Dungeon Overview and Level Annotations

Branches:
Dungeon (4/15)
 Temple: D:4-7

Altars:

Shops:
D:2 ?   D:3 (


Innate Abilities, Weirdness & Mutations

You have a pair of small antennae on your head.
You regenerate magic rapidly.
You are mostly covered in razor-sharp scales. (AC +2, Slay +2)


Message History

Confirm with . or Enter, or press ? or * to list all spells.
Casting: Frozen Ramparts (dangerous; 2% risk of failure)
Press: ? - help, Dir - look around, f - activate The walls around you are covered in ice.
The wyvern skeleton completely resists.
The wall freezes the wyvern skeleton but does no damage.
The wyvern skeleton bites you!
The wyvern skeleton completely resists.
The wall freezes the wyvern skeleton but does no damage.
The wyvern skeleton barely misses you.
You hit the wyvern skeleton but do no damage.
The wyvern skeleton is severely damaged.
The wyvern skeleton completely resists.
The wall freezes the wyvern skeleton but does no damage.
The wyvern skeleton closely misses you.
You hit the wyvern skeleton.
The wyvern skeleton is severely damaged.
The wyvern skeleton completely resists.
The wall freezes the wyvern skeleton but does no damage.
The wyvern skeleton barely misses you.
You hit the wyvern skeleton.
The wyvern skeleton is severely damaged.
The wyvern skeleton completely resists.
The wall freezes the wyvern skeleton but does no damage.
The wyvern skeleton bites you!
* * * LOW HITPOINT WARNING * * *
You hit the wyvern skeleton.
The wyvern skeleton is almost destroyed.
The wyvern skeleton completely resists.
The wall freezes the wyvern skeleton but does no damage.
The wyvern skeleton closely misses you.
Casting: Frozen Ramparts (dangerous; 2% risk of failure)
Confirm with . or Enter, or press ? or * to list all spells.
Aiming: Freeze (safe; 1% risk of failure)
Press: ? - help, Shift-Dir - straight line, f - wyvern skeleton
Aim: a wyvern skeleton (almost destroyed)
You freeze the wyvern skeleton.
The wyvern skeleton resists.
The wyvern skeleton is almost destroyed.
The wyvern skeleton resists.
The wall freezes the wyvern skeleton.
The wyvern skeleton bites you!
You die...

#.# #.# ##.##
#####...######## .
................# ≈O
###......##.###<##..
#.###.....# .. #.
#...#.###.# #
###.#.@...#
..##Z.### .####...#
#. .....# # ##.#..#
..#..# ###..# ...


You could see a wyvern skeleton.

Vanquished Creatures
  An ogre (D:4)
  A water moccasin skeleton (D:3)
  An orc wizard (D:3)
  A hound skeleton (D:4)
  6 adders
  A white imp (D:3)
  3 worms
  3 dart slugs
  11 orcs
  7 bats
  4 endoplasms
  4 giant cockroaches
  3 goblins
  10 hobgoblins
  A jackal (D:3)
  A quokka (D:1)
  5 ball pythons
  3 frilled lizards
  3 kobolds
  4 rats
73 creatures vanquished.

Vanquished Creatures (others)
  5 plants (D:2)
5 creatures vanquished.

Grand Total: 78 creatures vanquished

Notes
Turn   | Place    | Note
-------+----------+-------------------------------------------
     0 | D:1      | frimble the Demonspawn Ice Elementalist began the quest for
                  | the Orb.
     0 | D:1      | Reached XP level 1. HP: 13/13 MP: 3/3
   554 | D:1      | Gained mutation: You are partially covered in razor-sharp
                  | scales. (AC +1, Slay +1) [demonic ancestry]
   554 | D:1      | Reached XP level 2. HP: 17/19 MP: 3/5
   998 | D:2      | Reached skill level 4 in Ice Magic
   998 | D:2      | Gained mutation: You have a pair of small antennae on your
                  | head. [demonic ancestry]
   998 | D:2      | Reached XP level 3. HP: 24/24 MP: 2/7
  1002 | D:2      | Learned a level 3 spell: Frozen Ramparts
  1080 | D:2      | Learned a level 3 spell: Ozocubu's Armour
  1735 | D:2      | Found Orriczu's Magic Scroll Boutique.
  1765 | D:2      | Bought a scroll of teleportation for 39 gold pieces
  2080 | D:3      | Gained mutation: You are mostly covered in razor-sharp
                  | scales. (AC +2, Slay +2) [demonic ancestry]
  2080 | D:3      | Reached XP level 4. HP: 27/30 MP: 4/8
  2543 | D:3      | Reached skill level 1 in Short Blades
  2850 | D:3      | Gained mutation: You regenerate magic rapidly. [demonic
                  | ancestry]
  2850 | D:3      | Reached XP level 5. HP: 35/35 MP: 6/9
  2970 | D:3      | Found a faded altar of an unknown god.
  3023 | D:3      | Found Kuhuts's Weapon Shop.
  3594 | D:2      | Bought a scroll of magic mapping for 45 gold pieces
  3642 | D:4      | Reached skill level 5 in Ice Magic
  3937 | D:4      | Noticed an ogre
  3951 | D:4      | Killed an ogre
  3952 | D:4      | Reached XP level 6. HP: 37/41 MP: 2/10
  4102 | D:4      | Slain by a wyvern skeleton

Illustrated notes

Levels and vault maps discovered:
D:1:      dpeg_arrival_signposts, layout_rooms, minmay_misc_feat_room
D:2:      layout_loops_ring, serial_forest, infiniplex_forest_3_way,
          infiniplex_forest_end_2, infiniplex_forest_corner_2,
          infiniplex_forest_clump_tiny, infiniplex_forest_lined_2,
          infiniplex_forest_clump_tiny, infiniplex_forest_clump_C, serial_shops,
          nicolae_lakefront_shop, minmay_pentomino_u4
D:3:      layout_loops_cross, serial_shops, nicolae_shop_bloodbath_and_beyond,
          shapermc_ecumenical_altar_mp_vishouse, minmay_diced_spiral
D:4:      layout_loops_ring, mainiacjoe_overflow_boulevard,
          minmay_misc_feat_encased

Skill      XL: |  1  2  3  4  5 |
---------------+----------------+-----
Ice Magic      | 4 5 |  5.3
Spellcasting   | 3 |  3.2
Short Blades   | 1 2 |  2.9
Dodging        | |  1.8
Stealth        | |  1.9

Action                   |  1- 3 |  4- 6 || total
-------------------------+-------+-------++-------
Melee: Unarmed           |     6 |       ||     6
       Dagger            |    74 |   167 ||   241
       Punch             |     2 |     2 ||     4
 Cast: Freeze            |    29 |    39 ||    68
       Frozen Ramparts   |     3 |     4 ||     7
       Ozocubu's Armour  |       |     3 ||     3
  Use: Scroll            |     5 |       ||     5
 Stab: Sleeping          |     3 |     1 ||     4
Armor: Robe              |    34 |    56 ||    90
Dodge: Dodged            |    58 |   117 ||   175

Table legend: (Time is in decaauts)
 A = Elapsed time spent in this place.
 B = Non-inter-level travel time spent in this place.
 C = Inter-level travel time spent in this place.
 D = Time resting spent in this place.
 E = Time spent auto-exploring this place.
 F = Levels seen in this place.
 G = Mean time per level.
                   A        B        C        D        E       F      G
               +--------+--------+--------+--------+--------+-----+--------+
         Total |   4087 |   3892 |    195 |    194 |   2978 |   4 | 1021.8 |
       Dungeon |   4087 |   3892 |    195 |    194 |   2978 |   4 | 1021.8 |
               +--------+--------+--------+--------+--------+-----+--------+

Top non-repeatable levels by time:
     D:3: 1514 daAuts
     D:2: 1165 daAuts
     D:1: 949 daAuts
     D:4: 458 daAuts
